 Dungeon Crawl Stone Soup version 0.21-a0-319-g17ab366 (webtiles) character file.

8827 Terekolden the Cleaver (level 11, -7/99 HPs)
             Began as a Minotaur Berserker on Sept 30, 2017.
             Was a High Priest of Trog.
             Killed from afar by a raiju (19 damage)
             ... with a living lightning
             ... on level 1 of the Abyss.
             The game lasted 00:45:29 (8646 turns).

Terekolden the Cleaver (Minotaur Berserker)         Turns: 8646, Time: 00:45:29

Health: -7/99      AC: 18    Str: 23    XL:     11   Next: 15%
Magic:  10/10      EV: 10    Int:  4    God:    Trog [*****.]
Gold:   330        SH: 18    Dex: 18    Spells: 10/10 levels left

rFire    . . .     SeeInvis .   p - +1 long sword (slice)
rCold    . . .     Gourm    .   i - +1 shield
rNeg     . . .     Faith    .   C - +1 plate armour
rPois    .         Spirit   .   (helmet restricted)
rElec    .         Reflect  +   a - +0 cloak
rCorr    .         Harm     .   (no gloves)
MR       +....     Clarity  +   (no boots)
Stlth    ..........             A - +5 amulet of reflection
HPRegen  0.26/turn              t - +4 ring of dexterity
MPRegen  0.12/turn              (no ring)

@: berserk cooldown, hasted and slowed
A: retaliatory headbutt, horns 2, molten scales 1, clarity, magic resistance 1,
strong 1
a: Berserk, Trog's Hand, Brothers in Arms, Burn Spellbooks, Renounce Religion


You were on level 1 of the Abyss.
You worshipped Trog.
Trog was extremely pleased with you.
You were hungry.

You visited 1 branch of the dungeon, and saw 9 of its levels.
You visited the Abyss 1 time.

You collected 330 gold pieces.

Inventory:

Hand Weapons
 p - a +1 long sword of slicing (weapon)
 s - a +0 war axe of freezing
Armour
 a - a +0 cloak (worn)
 i - a +1 shield (worn)
 C - a +1 plate armour (worn)
Jewellery
 t - a +4 ring of dexterity (left hand)
 u - a cursed ring of fire {unknown}
 A - a +5 amulet of reflection (around neck)
Wands
 b - a wand of disintegration (3/24)
 d - a wand of paralysis (21/24)
 n - a wand of scattershot (6/9)
Scrolls
 e - 4 scrolls of teleportation
 f - a scroll of enchant armour
 l - 2 scrolls of magic mapping
 m - a scroll of identify
 o - a scroll of fear
 r - 3 scrolls of remove curse
 w - a scroll of blinking
 y - a scroll of recharging
Potions
 g - a potion of brilliance
 j - a potion of curing
 k - a potion of ambrosia
 q - a potion of invisibility
Comestibles
 c - 7 bread rations
 z - 3 meat rations


   Skills:
 + Level 9.7 Fighting
   Level 4.0(5.1) Short Blades
 * Level 5.2(6.0) Long Blades
 - Level 9.8 Axes
 + Level 9.0 Armour
 + Level 8.2 Dodging
 + Level 8.4 Shields


You had 10 spell levels left.
You didn't know any spells.

Dungeon Overview and Level Annotations

Branches:
Dungeon (9/15)             Temple (0/1) D:4
   Lair: D:8-11         Orc: D:9-12

Altars:
Dithmenos
Fedhas
Gozag
Okawaru
Xom
Yredelemnul
Zin

Annotations:
D:5 exclusion: oklob plant
D:9 Psyche


Innate Abilities, Weirdness & Mutations

You reflexively headbutt those who attack you in melee.
You have a pair of horns on your head.
You are partially covered in molten scales. (AC +2)
You possess an exceptional clarity of mind.
You are resistant to hostile enchantments. (MR+)
Your muscles are strong. (Str +2)


Message History

The raiju is heavily wounded.
You block the raiju's attack.
The raiju bites you but does no damage. x2
You slash the raiju!
The raiju is severely wounded.
You block the raiju's attack.
The raiju bursts into living lightning!
The living lightning hits you!
The raiju blinks!
The raiju misses you. You furiously retaliate!
You headbutt the raiju!
You kill the raiju!
Trog accepts your kill. The raiju bites you but does no damage.
The raiju bursts into living lightning!
The living lightning hits you!
* * * LOW HITPOINT WARNING * * *
The living lightning hits you!
* * * LOW HITPOINT WARNING * * *
The raiju blinks!
The raiju bursts into living lightning!
The living lightning hits you!
You die...

. . .## ..# .#
#..#...
####.....#
#.@......# #
##..###.##
..#..#.§h..#
.......h.#..#
#.##..........#
....h....#.#.##
#....#...#..##
#§..###... #.#
#.. ..... .#


You could see 3 raiju.

Vanquished Creatures
  A two-headed ogre (D:8)
  Pikel (D:7)
  The ghost of Chizzley the Chopper, a novice GnWn (D:7)
  Maurice (D:8)
  An ice devil (Abyss:1)
  A polar bear (D:8)
  A raiju (Abyss:1)
  A hippogriff (D:7)
  A spriggan (D:8)
  13 yaks
  A ynoxinul (Abyss:1)
  A hungry ghost (D:8)
  A sky beast (D:8)
  4 slaves (D:7)
  A hornet zombie (D:7)
  An ice beast (D:7)
  An orc warrior (D:8)
  A phantom (D:6)
  4 necrophages (D:7)
  3 ogres
  2 wolves (D:9)
  5 centaurs
  A big kobold (D:7)
  4 bullfrogs
  4 scorpions
  9 wights
  2 howler monkeys
  4 crimson imps
  A quasit (D:7)
  2 bullfrog zombies
  2 jellies
  4 orc priests
  6 hounds
  11 orc wizards
  An iguana (D:8)
  2 worker ants
  A killer bee zombie (D:6)
  A centaur simulacrum (D:9)
  A worker ant zombie (D:7)
  4 gnolls (D:2)
  13 adders
  A shadow imp (D:8)
  3 white imps
  A worker ant simulacrum (D:9)
  2 oozes
  An adder zombie (D:9)
  An adder skeleton (D:5)
  3 worms
  2 dart slugs (D:1)
  An adder simulacrum (D:9)
  2 leopard geckos
  26 orcs
  2 ball pythons
  3 giant cockroaches
  6 goblins
  5 hobgoblins
  8 jackals
  2 quokkas (D:7)
  A ball python skeleton (D:5)
  7 bats
  7 frilled lizards
  7 kobolds
  A leopard gecko skeleton (D:4)
  2 quokka zombies
  8 rats
  6 fungi (D:5)
  22 plants (D:5)
250 creatures vanquished.

Vanquished Creatures (others)
  A fungus (D:5)
1 creature vanquished.

Grand Total: 251 creatures vanquished

Notes
Turn   | Place    | Note
-------+----------+-------------------------------------------
     0 | D:1      | Terekolden the Minotaur Berserker began the quest for the Orb.
     0 | D:1      | Reached XP level 1. HP: 19/19 MP: 0/0
    98 | D:1      | Reached XP level 2. HP: 24/27 MP: 1/1
   409 | D:1      | Reached ** piety under Trog
   738 | D:2      | Reached XP level 3. HP: 26/33 MP: 2/2
   900 | D:2      | Reached XP level 4. HP: 40/40 MP: 3/3
  1060 | D:2      | Reached skill level 1 in Shields
  1379 | D:3      | Reached XP level 5. HP: 45/47 MP: 4/4
  1573 | D:3      | Reached skill level 5 in Fighting
  1850 | D:3      | Noticed an angel
  1851 | D:3      | Found a glowing silver altar of Zin.
  2043 | D:4      | Found a basalt altar of Yredelemnul.
  2048 | D:4      | Reached *** piety under Trog
  2048 | D:4      | Reached skill level 1 in Axes
  2085 | D:4      | Found an opulent altar of Gozag.
  2143 | D:4      | Reached XP level 6. HP: 28/56 MP: 5/5
  2453 | D:4      | Found a staircase to the Ecumenical Temple.
  3227 | D:5      | Entered Level 5 of the Dungeon
  3261 | D:5      | Reached XP level 7. HP: 55/62 MP: 6/6
  3732 | D:5      | Found a shadowy altar of Dithmenos.
  3779 | D:5      | Reached **** piety under Trog
  3779 | D:5      | Reached skill level 5 in Armour
  3836 | D:5      | Found a blossoming altar of Fedhas.
  3862 | D:5      | Noticed an oklob plant
  4615 | D:6      | Reached XP level 8. HP: 53/71 MP: 7/7
  4628 | D:6      | Reached skill level 5 in Axes
  4628 | D:6      | Reached skill level 5 in Dodging
  5384 | D:7      | Noticed a hippogriff
  5393 | D:7      | Killed a hippogriff
  5393 | D:7      | Reached skill level 5 in Shields
  5626 | D:7      | Reached XP level 9. HP: 56/79 MP: 8/8
  5655 | D:7      | Reached ***** piety under Trog
  6003 | D:7      | Received a gift from Trog
  6113 | D:7      | Noticed Pikel
  6128 | D:7      | Killed Pikel
  6128 | D:7      | Reached XP level 10. HP: 57/89 MP: 9/9
  6141 | D:7      | Noticed Chizzley's ghost (novice GnWn)
  6164 | D:7      | Killed Chizzley's ghost
  6504 | D:7      | Found an iron altar of Okawaru.
  6527 | D:7      | Found an iron altar of Okawaru.
  6941 | D:8      | Noticed Maurice
  6957 | D:8      | Killed Maurice
  7020 | D:8      | Gained mutation: You are partially covered in molten scales. (AC +2) [potion of mutation]
  7020 | D:8      | Gained mutation: Your muscles are strong. (Str +2) [potion of mutation]
  7020 | D:8      | Gained mutation: You are resistant to hostile enchantments. (MR+) [potion of mutation]
  7020 | D:8      | Gained mutation: You possess an exceptional clarity of mind. [potion of mutation]
  7028 | D:8      | Found a shimmering altar of Xom.
  7434 | D:8      | Reached skill level 1 in Long Blades
  7952 | D:9      | Noticed a two-headed ogre
  8079 | D:8      | Killed a two-headed ogre
  8366 | D:8      | Received a gift from Trog
  8398 | D:8      | Reached XP level 11. HP: 72/97 MP: 10/10
  8574 | D:9      | Noticed Psyche
  8588 | D:9      | Cast into level 1 of the Abyss (Psyche)
  8624 | Abyss:1  | Reached skill level 5 in Long Blades
  8646 | Abyss:1  | Killed from afar by a raiju

Vault maps used:
D:1:      saegor_arrival_simple_a, minmay_hexomino_f4
D:3:      zin_angel, kennysheep_cross_bottleneck
D:4:      nicolae_overflow_crystal_walls, minmay_temple_entry_large_hall,
          grunt_gozag_statues
D:5:      tgw_fedhas, nicolae_dithmenos_shadow_blocks, first_bread
D:7:      marbit_many_paths, serial_undead, serial_undead_a, serial_undead_d,
          serial_undead_a, serial_undead_d, basic_altar, kb_rosetta, uniq_pikel
D:8:      overflow_temple_1_default, the_bakery, uniq_maurice
D:9:      lair_entry_dummy, serial_shops, shop, serial_ice, serial_ice_m,
          serial_ice_k, serial_ice_n, serial_ice_d, serial_ice_c, serial_ice_e,
          serial_ice_o, serial_ice_h, uniq_psyche

Skill      XL: |  1  2  3  4  5  6  7  8  9 10 11 |
---------------+----------------------------------+-----
Fighting       | 4 5 6 7 8 9 |  9.7
Armour         | 3 4 5 6 7 8 9 |  9.0
Dodging        | 3 4 5 7 8 |  8.2
Shields        | 1 2 3 4 5 6 8 |  8.4
Short Blades   | 4 |  4.0
Axes           | 1 2 4 6 9 |  9.8
Long Blades    | 4 5 |  5.2

Action                   |  1- 3 |  4- 6 |  7- 9 | 10-12 || total
-------------------------+-------+-------+-------+-------++-------
Melee: Short sword       |    97 |    25 |       |       ||   122
       Headbutt          |    20 |    24 |   130 |    80 ||   254
       War axe           |       |    93 |   453 |    63 ||   609
       Long sword        |       |       |       |   161 ||   161
Invok: Berserk           |       |     2 |     4 |     2 ||     8
       Burn Spellbooks   |       |       |       |     1 ||     1
  Use: Scroll            |     4 |       |    12 |     5 ||    21
       Potion            |       |       |     6 |     4 ||    10
 Stab: Invisible         |       |       |       |     1 ||     1
  Eat: Chunk             |       |     7 |     5 |    12 ||    24
       Royal jelly       |       |     1 |     2 |     1 ||     4
       Bread ration      |       |       |     1 |       ||     1
Armor: Leather armour    |     4 |       |       |       ||     4
       Chain mail        |    38 |    67 |   128 |     7 ||   240
       Plate armour      |       |       |       |    75 ||    75
Dodge: Dodged            |    44 |    49 |    99 |    94 ||   286
Block: Shield            |    24 |    69 |   161 |   253 ||   507
       Reflection        |       |       |       |    13 ||    13
       Rpst.: Long sword |       |       |       |    18 ||    18

Table legend:
 A = Spawn XP
 B = Non-spawn XP
 C = Spawn XP percentage of total XP
 D = Spawn monster count
 E = Non-spawn monster count
 F = Spawn count percentage of total count
 G = Total turns spent on level
                    A         B        C        D         E        F      G
               +---------+---------+-------+---------+---------+-------+---------
         Total |     818 |   11792 |   6.5 |       3 |     215 |   1.4 |  8646
               +---------+---------+-------+---------+---------+-------+---------
           D:1 |       0 |      37 |   0.0 |       0 |      24 |   0.0 |   669
           D:2 |       0 |     147 |   0.0 |       0 |      20 |   0.0 |   590
           D:3 |       0 |      90 |   0.0 |       0 |      18 |   0.0 |   784
           D:4 |       0 |     364 |   0.0 |       0 |      18 |   0.0 |  1184
           D:5 |       0 |     765 |   0.0 |       0 |      27 |   0.0 |  1366
           D:6 |       0 |     603 |   0.0 |       0 |      10 |   0.0 |   767
           D:7 |       0 |    4809 |   0.0 |       0 |      47 |   0.0 |  1573
           D:8 |       0 |    4536 |   0.0 |       0 |      40 |   0.0 |  1546
           D:9 |       0 |     441 |   0.0 |       0 |      11 |   0.0 |   109
       Abyss:1 |     818 |       0 | 100.0 |       3 |       0 | 100.0 |    58
               +---------+---------+-------+---------+---------+-------+---------
